PL
PANAMA CITY PIRANHAS @ BOSTON PATRIOTS
09/08/2023
 
TOP OF THE 1ST
Panama City Piranhas batting - Pitching for Boston Patriots : RHP Jorge Aguirre
Pitching: RHP Jorge Aguirre
Batting: LHB Ye Der 0-0: Called Strike
0-1: Ground out 4-3 (Groundball, 4)
Batting: LHB Herman Hayes 0-0: Swinging Strike
0-1: Called Strike
0-2: Strikes out swinging
Batting: LHB Steve Cunningham 0-0: Ball
1-0: Foul Ball, location: 2F
1-1: SINGLE (Line Drive, 56)
Batting: SHB Marc Talamante 0-0: Fly out, F8 (Flyball, 8LXD)
Top of the 1st over - 0 run(s), 1 hit(s), 0 error(s), 1 left on base; Panama City 0 - Boston 0
BOTTOM OF THE 1ST
Boston Patriots batting - Pitching for Panama City Piranhas : LHP Pedro Alejándrez
Pitching: LHP Pedro Alejándrez
Batting: RHB Tommy Jones 0-0: Ball
1-0: Called Strike
1-1: Ball
2-1: SINGLE (Groundball, 6MD) (infield hit)
Batting: RHB Tamasaburo Kato 0-0: Ball
1-0: Ball
2-0: Foul Ball, location: 2F
2-1: Grounds into double play, 6-4-3 (Groundball, 6M)
Batting: RHB Enrique Pérez 0-0: Ball
1-0: Ball
2-0: Ball
3-0: Base on Balls
Batting: RHB Wilfred McLaughlin 0-0: Ball
1-0: Ball
2-0: Ball
3-0: 2-RUN HOME RUN (Flyball, 78XD), Distance : 416 ft
Batting: RHB Ben Ross 0-0: Ball
1-0: Foul Ball, location: 2F
1-1: Ball
2-1: Foul Ball, location: 2F
2-2: Ball
3-2: Base on Balls
Batting: RHB Terry Armstrong 0-0: Called Strike
0-1: Called Strike
0-2: SINGLE (Groundball, 56D)
Ben Ross to second
Batting: RHB Miguel Márquez 0-0: Ball
1-0: Ball
2-0: Called Strike
2-1: Ball
3-1: Called Strike
3-2: Base on Balls
Ben Ross to third
Terry Armstrong to second
Batting: RHB Karl Schultz 0-0: Ball
1-0: Ball
2-0: Foul Ball, location: 2F
2-1: Swinging Strike
2-2: Strikes out looking
Bottom of the 1st over - 2 run(s), 3 hit(s), 0 error(s), 3 left on base; Panama City 0 - Boston 2
TOP OF THE 2ND
Panama City Piranhas batting - Pitching for Boston Patriots : RHP Jorge Aguirre
Batting: RHB Tim Barnes 0-0: Ball
1-0: Ball
2-0: Ball
3-0: Base on Balls
Batting: RHB William Hull 0-0: Swinging Strike
0-1: Swinging Strike
0-2: Ball
1-2: Strikes out swinging
Batting: RHB Brad Perry 0-0: Ball
1-0: 2-RUN HOME RUN (Flyball, 9D), Distance : 398 ft
Batting: LHB Francisco Sánchez 0-0: Foul Ball, location: 2F
0-1: Ball
1-1: Ball
2-1: Swinging Strike
2-2: Ball
3-2: Foul Ball, location: 2F
3-2: Base on Balls
Batting: RHB Armando Alvarado 0-0: Ball
1-0: Fly out, F9 (Flyball, 89M)
Batting: LHB Ye Der 0-0: Foul Ball, location: 2F
0-1: Called Strike
0-2: Fly out, F3 (Popup, 3S)
Top of the 2nd over - 2 run(s), 1 hit(s), 0 error(s), 1 left on base; Panama City 2 - Boston 2
BOTTOM OF THE 2ND
Boston Patriots batting - Pitching for Panama City Piranhas : LHP Pedro Alejándrez
Batting: RHB Lloyd Alberink 0-0: Ball
1-0: Ground out 1-3 (Groundball, 25)
Batting: RHB Tommy Jones 0-0: Ball
1-0: Called Strike
1-1: Fly out, F8 (Flyball, 8LD)
Batting: RHB Tamasaburo Kato 0-0: Ball
1-0: Called Strike
1-1: Fly out, F5 (Popup, 25)
Bottom of the 2nd over - 0 run(s), 0 hit(s), 0 error(s), 0 left on base; Panama City 2 - Boston 2
TOP OF THE 3RD
Panama City Piranhas batting - Pitching for Boston Patriots : RHP Jorge Aguirre
Batting: LHB Herman Hayes 0-0: Called Strike
0-1: Ball
1-1: Ball
2-1: Foul Ball, location: 2F
2-2: Ball
3-2: Fly out, F3 (Popup, 3F)
Batting: LHB Steve Cunningham 0-0: Ball
1-0: Called Strike
1-1: Ball
2-1: Called Strike
2-2: Ground out 6-3 (Groundball, 6)
Batting: SHB Marc Talamante 0-0: Foul Ball, location: 2F
0-1: Ball
1-1: Foul Ball, location: 2F
1-2: Strikes out swinging
Top of the 3rd over - 0 run(s), 0 hit(s), 0 error(s), 0 left on base; Panama City 2 - Boston 2
BOTTOM OF THE 3RD
Boston Patriots batting - Pitching for Panama City Piranhas : LHP Pedro Alejándrez
Batting: RHB Enrique Pérez 0-0: Ball
1-0: Called Strike
1-1: Ball
2-1: Foul Ball, location: 2F
2-2: Foul Ball, location: 2F
2-2: SINGLE (Groundball, 6M)
Batting: RHB Wilfred McLaughlin 0-0: Ball
1-0: Called Strike
1-1: Ball
2-1: Called Strike
2-2: Ball
3-2: Fielders Choice at 2nd, 6-4 (Groundball, 6M)
Batting: RHB Ben Ross 0-0: Ball
1-0: Ball
2-0: Called Strike
2-1: Foul Ball, location: 2F
2-2: SINGLE (Groundball, 4MD)
Wilfred McLaughlin to second
Runner from 2nd tries for 3rd, SAFE, no throw or cutoff
Batting: RHB Terry Armstrong 0-0: Called Strike
0-1: Ball
1-1: Swinging Strike
1-2: Fly out, F8 (Flyball, 8LD)
Runner from 3rd tags up, SCORES, no throw
Batting: RHB Miguel Márquez 0-0: Called Strike
0-1: Ball
1-1: Foul Ball, location: 2F
1-2: Strikes out swinging
Bottom of the 3rd over - 1 run(s), 2 hit(s), 0 error(s), 1 left on base; Panama City 2 - Boston 3
TOP OF THE 4TH
Panama City Piranhas batting - Pitching for Boston Patriots : RHP Jorge Aguirre
Batting: RHB Tim Barnes 0-0: Ball
1-0: Ball
2-0: Called Strike
2-1: Ball
3-1: Swinging Strike
3-2: Base on Balls
Batting: RHB William Hull 0-0: Ball
1-0: Called Strike
1-1: Ball
2-1: Foul Ball, location: 2F
2-2: Strikes out swinging
Batting: RHB Brad Perry 0-0: Ball
1-0: Foul Ball, location: 2F
1-1: Called Strike
1-2: Grounds into double play, 5-4-3 (Groundball, 56)
Top of the 4th over - 0 run(s), 0 hit(s), 0 error(s), 0 left on base; Panama City 2 - Boston 3
BOTTOM OF THE 4TH
Boston Patriots batting - Pitching for Panama City Piranhas : LHP Pedro Alejándrez
Batting: RHB Karl Schultz 0-0: Called Strike
0-1: Foul Ball, location: 2F
0-2: Foul Ball, location: 2F
0-2: Foul Ball, location: 2F
0-2: Foul Ball, location: 2F
0-2: Ball
1-2: Foul Ball, location: 2F
1-2: Foul Ball, location: 2F
1-2: Ball
2-2: Ball
3-2: Fly out, F6 (Popup, 6)
Batting: RHB Lloyd Alberink 0-0: Ball
1-0: Foul Ball, location: 2F
1-1: Swinging Strike
1-2: Strikes out swinging
Batting: RHB Tommy Jones 0-0: Ball
1-0: Swinging Strike
1-1: SINGLE (Line Drive, 34D)
Batting: RHB Tamasaburo Kato 0-0: Called Strike
0-1: Called Strike
0-2: Ball
1-2: Ball
2-2: Fly out, F9 (Line Drive, 89D)
Bottom of the 4th over - 0 run(s), 1 hit(s), 0 error(s), 1 left on base; Panama City 2 - Boston 3
TOP OF THE 5TH
Panama City Piranhas batting - Pitching for Boston Patriots : RHP Jorge Aguirre
Batting: LHB Francisco Sánchez 0-0: Ball
1-0: Called Strike
1-1: SINGLE (Line Drive, 6D)
Batting: RHB Armando Alvarado 0-0: Swinging Strike
0-1: Swinging Strike
0-2: Strikes out looking
Batting: LHB Ye Der 0-0: Called Strike
0-1: Foul Ball, location: 2F
0-2: Ball
1-2: Fly out, F4 (Popup, 4D)
Batting: LHB Herman Hayes 0-0: Called Strike
0-1: Called Strike
0-2: Strikes out swinging
Top of the 5th over - 0 run(s), 1 hit(s), 0 error(s), 1 left on base; Panama City 2 - Boston 3
BOTTOM OF THE 5TH
Boston Patriots batting - Pitching for Panama City Piranhas : LHP Pedro Alejándrez
Batting: RHB Enrique Pérez 0-0: Ball
1-0: Fly out, F8 (Flyball, 8LD)
Batting: RHB Wilfred McLaughlin 0-0: Called Strike
0-1: Ball
1-1: SINGLE (Line Drive, 8LS)
Batting: RHB Ben Ross 0-0: Ball
1-0: Ball
2-0: Foul Ball, location: 2F
2-1: Ball
3-1: Swinging Strike
3-2: Fly out, F8 (Flyball, 89XD)
Batting: RHB Terry Armstrong 0-0: Ball
1-0: Ball
2-0: SINGLE (Line Drive, 56D)
Wilfred McLaughlin to second
Pitching: RHP Dave Tomlinson
Batting: RHB Miguel Márquez 0-0: Called Strike
0-1: SINGLE (Groundball, 56D)
Wilfred McLaughlin to third
Terry Armstrong to second
Runner from 3rd tries for Home, SAFE, no throw or cutoff
Batting: RHB Karl Schultz 0-0: Foul Ball, location: 2F
0-1: Ball
1-1: Called Strike
1-2: Ball
2-2: Foul Ball, location: 2F
2-2: Ball
3-2: Foul Ball, location: 2F
3-2: Fly out, F7 (Flyball, 7S)
Bottom of the 5th over - 1 run(s), 3 hit(s), 0 error(s), 2 left on base; Panama City 2 - Boston 4
TOP OF THE 6TH
Panama City Piranhas batting - Pitching for Boston Patriots : RHP Jorge Aguirre
Batting: LHB Steve Cunningham 0-0: Called Strike
0-1: Fly out, F7 (Flyball, 78M)
Batting: SHB Marc Talamante 0-0: Ground out U3 (Groundball, 3L)
Batting: RHB Tim Barnes 0-0: Called Strike
0-1: Ball
1-1: Called Strike
1-2: Foul Ball, location: 2F
1-2: Foul Ball, location: 2F
1-2: Reached on Error, E9 (Flyball, 89M)
Batting: RHB William Hull 0-0: Called Strike
0-1: Ball
1-1: Ground out 5-3 (Groundball, 6S)
Top of the 6th over - 0 run(s), 0 hit(s), 1 error(s), 1 left on base; Panama City 2 - Boston 4
BOTTOM OF THE 6TH
Boston Patriots batting - Pitching for Panama City Piranhas : RHP Dave Tomlinson
Batting: RHB Lloyd Alberink 0-0: Foul Ball, location: 2F
0-1: Swinging Strike
0-2: Strikes out swinging
Batting: RHB Tommy Jones 0-0: Ball
1-0: Called Strike
1-1: Fly out, F8 (Line Drive, 8LS)
Pitching: RHP Roberto Cabrera
Batting: RHB Tamasaburo Kato 0-0: Ball
1-0: Ball
2-0: Ball
3-0: Base on Balls
Batting: RHB Enrique Pérez 0-0: Called Strike
0-1: Foul Ball, location: 2F
0-2: Ball
1-2: Foul Ball, location: 2F
1-2: Ball
2-2: Ball
3-2: Foul Ball, location: 2F
3-2: Base on Balls
Tamasaburo Kato to second
Batting: RHB Wilfred McLaughlin 0-0: Called Strike
0-1: Ball
1-1: Ball
2-1: Ball
3-1: Called Strike
3-2: Base on Balls
Tamasaburo Kato to third
Enrique Pérez to second
Batting: RHB Ben Ross 0-0: Fly out, F9 (Flyball, 89D)
Bottom of the 6th over - 0 run(s), 0 hit(s), 0 error(s), 3 left on base; Panama City 2 - Boston 4
TOP OF THE 7TH
Panama City Piranhas batting - Pitching for Boston Patriots : RHP Jorge Aguirre
Batting: RHB Brad Perry 0-0: Foul Ball, location: 2F
0-1: Ground out 5-3 (Groundball, 5)
Batting: LHB Francisco Sánchez 0-0: Foul Ball, location: 2F
0-1: Foul Ball, location: 2F
0-2: Strikes out swinging
Batting: RHB Armando Alvarado 0-0: Ball
1-0: Fly out, F9 (Flyball, 9LM)
Top of the 7th over - 0 run(s), 0 hit(s), 0 error(s), 0 left on base; Panama City 2 - Boston 4
BOTTOM OF THE 7TH
Boston Patriots batting - Pitching for Panama City Piranhas : RHP Roberto Cabrera
Batting: RHB Terry Armstrong 0-0: Ball
1-0: Fly out, F9 (Flyball, 9S)
Batting: RHB Miguel Márquez 0-0: Fly out, F5 (Line Drive, 5L)
Batting: RHB Karl Schultz 0-0: Ball
1-0: Called Strike
1-1: Ball
2-1: Swinging Strike
2-2: Strikes out swinging
Bottom of the 7th over - 0 run(s), 0 hit(s), 0 error(s), 0 left on base; Panama City 2 - Boston 4
TOP OF THE 8TH
Panama City Piranhas batting - Pitching for Boston Patriots : RHP Jorge Aguirre
Batting: LHB Ye Der 0-0: Swinging Strike
0-1: Swinging Strike
0-2: Ball
1-2: Ball
2-2: Foul Ball, location: 2F
2-2: Foul Ball, location: 2F
2-2: Strikes out looking
Batting: LHB Herman Hayes 0-0: Called Strike
0-1: Swinging Strike
0-2: Strikes out swinging
Batting: LHB Steve Cunningham 0-0: Ball
1-0: Foul Ball, location: 2F
1-1: Ball
2-1: Swinging Strike
2-2: Ball
3-2: SINGLE (Groundball, 34D)
Pitching: LHP Jesús Caldero
Batting: SHB Marc Talamante 0-0: Ball
1-0: Foul Ball, location: 2F
1-1: Foul Ball, location: 2F
1-2: Ball
2-2: Foul Ball, location: 2F
2-2: Fielders Choice at 2nd, 6-4 (Groundball, 6S)
Top of the 8th over - 0 run(s), 1 hit(s), 0 error(s), 0 left on base; Panama City 2 - Boston 4
BOTTOM OF THE 8TH
Boston Patriots batting - Pitching for Panama City Piranhas : RHP Roberto Cabrera
Batting: RHB Lloyd Alberink 0-0: Fly out, F9 (Flyball, 9M)
Batting: RHB Tommy Jones 0-0: Ball
1-0: Ball
2-0: Called Strike
2-1: Ball
3-1: Base on Balls
Batting: RHB Tamasaburo Kato 0-0: Called Strike
0-1: Ball
1-1: Ball
2-1: Ball
Wild Pitch!
Tommy Jones to second
3-1: Base on Balls
Batting: RHB Enrique Pérez 0-0: Called Strike
0-1: Ball
1-1: Foul Ball, location: 2F
1-2: Ball
2-2: Ball
3-2: DOUBLE (Line Drive, 7D)
Tommy Jones scores
Tamasaburo Kato to third
Batting: RHB Wilfred McLaughlin 0-0: Ball
1-0: Ball
2-0: Fly out, F8 (Line Drive, 8LD)
Runner from 3rd tags up, SCORES, no throw
Pitching: RHP Iván Ledesma Jr.
Batting: RHB Ben Ross 0-0: Fly out, F9 (Flyball, 9M)
Bottom of the 8th over - 2 run(s), 1 hit(s), 0 error(s), 1 left on base; Panama City 2 - Boston 6
TOP OF THE 9TH
Panama City Piranhas batting - Pitching for Boston Patriots : LHP Jesús Caldero
Batting: RHB Tim Barnes 0-0: Ball
1-0: Called Strike
1-1: Ball
2-1: Foul Ball, location: 2F
2-2: Ball
3-2: Base on Balls
Batting: RHB William Hull 0-0: Ball
1-0: Called Strike
1-1: Ball
2-1: Foul Ball, location: 2F
2-2: Ball
3-2: Foul Ball, location: 2F
3-2: Foul Ball, location: 2F
3-2: Foul Ball, location: 2F
3-2: Foul Ball, location: 2F
3-2: Foul Ball, location: 2F
3-2: Base on Balls
Tim Barnes to second
Pitching: RHP Roy Robinson
Batting: RHB Brad Perry 0-0: Ball
1-0: Called Strike
1-1: Ball
2-1: Called Strike
2-2: Grounds into double play, U6-3 (Groundball, 6M)
Tim Barnes to third
Batting: LHB Francisco Sánchez 0-0: Called Strike
0-1: Ball
1-1: Ground out 5-3 (Groundball, 56S)
Top of the 9th over - 0 run(s), 0 hit(s), 0 error(s), 1 left on base; Panama City 2 - Boston 6
This league is powered by Out of the Park Baseball, the baseball management simulation game for PC, Mac and Linux
Friday, July 8th, 2016 - OOTP Baseball 16.9 Build 39